 Dungeon Crawl Stone Soup version 0.21.1-1-g345015f (webtiles) character file.

35 valkyrieboi the Shield-Bearer (level 3, -1/29 HPs)
             Began as a Formicid Fighter on June 5, 2018.
             Slain by Robin
             ... wielding a +0 spear of freezing
              (4 damage)
             ... on level 1 of the Dungeon.
             The game lasted 00:01:29 (423 turns).

valkyrieboi the Shield-Bearer (Formicid Fighter)     Turns: 423, Time: 00:01:30

Health: -1/29      AC:  6    Str: 20    XL:     3   Next: 52%
Magic:  3/3        EV:  8    Int:  7    God:
Gold:   19         SH:  9    Dex: 11    Spells: 2/2 levels left

rFire    . . .     SeeInvis +   a - +0 long sword
rCold    . . .     Gourm    .   c - +0 shield
rNeg     . . .     Faith    .   b - +0 scale mail
rPois    .         Spirit   .   (helmet unavailable)
rElec    .         Reflect  .   (no cloak)
rCorr    .         Harm     .   (no gloves)
MR       .....                  (no boots)
Stlth    ..........             (no amulet)
HPRegen  0.09/turn              (no ring)
MPRegen  0.08/turn              (no ring)

@: no status effects
A: permanent stasis, dig shafts and tunnels, four strong arms, antennae 3
a: Dig, Shaft Self


You were on level 1 of the Dungeon.
You were not hungry.

You visited 1 branch of the dungeon, and saw 2 of its levels.

You collected 19 gold pieces.

Inventory:

Hand Weapons
 a - a +0 long sword (weapon)
Missiles
 m - 6 tomahawks (quivered)
Armour
 b - a +0 scale mail (worn)
 c - a +0 shield (worn)
Scrolls
 g - a scroll of enchant weapon {unknown}
 h - a scroll of fog {unknown}
 k - a scroll of immolation {unknown}
 n - a scroll of magic mapping {unknown}
 o - 2 scrolls of fear {unknown}
Potions
 d - a potion of might
 e - a potion of cancellation {unknown}
 i - 2 potions of curing {unknown}
 l - 2 potions of heal wounds {unknown}
Comestibles
 f - 3 rations
 j - 7 chunks of flesh


   Skills:
 + Level 3.6 Fighting
 * Level 2.8 Long Blades
 + Level 3.6 Armour
 + Level 4.0 Shields


You had 2 spell levels left.
You didn't know any spells.

Dungeon Overview and Level Annotations

Branches:
Dungeon (2/15)

Altars:

Annotations:
D:1 Robin


Innate Abilities, Weirdness & Mutations

You cannot be hasted, slowed, berserked, paralysed or teleported.
You can dig through walls and to a lower floor.
Your four strong arms can wield two-handed weapons with a shield.
You have a pair of large antennae on your head. (SInv)


Message History

You see here a goblin corpse.
Your shield and scale mail prevent you from hitting the goblin.
The goblin barely misses you. Robin throws the goblin at you!
The goblin hits you but does no damage.
You slash the goblin!
You kill the goblin!
Robin hits you but does no damage. You block Robin's attack.
You block Robin's attack.
You see here a goblin corpse.
You hit Robin.
Robin is heavily wounded.
You block Robin's attack.
You hit Robin.
Robin is severely wounded.
You block Robin's attack.
You closely miss Robin.
Robin is severely wounded.
You block Robin's attack.
Robin hits you with a spear of freezing.
You die...

######..## #...# #.# .#
##..####.### #.# .##
##...##.# #.# ..## ###.##.#
#.# ...## #..).### #.#
.#..### ##g>...# #.# .##...#
####(##)# #.#
#####>###....##g############
#.# #
#.....#####.@.†........####.#
###...# ############.....(#
##..#.### ######)# #..##...#
####.# ##.#####.# ##..)..
##..# #.# ##...... #..## #.#
#....... #.## #.# #.......
#.# #.## #.......


You could see Robin.

Vanquished Creatures
  A dart slug (D:1)
  A leopard gecko (D:1)
  A ball python (D:1)
  4 bats (D:1)
  A giant cockroach (D:1)
  10 goblins
  2 hobgoblins (D:1)
  2 frilled lizards (D:1)
  3 kobolds (D:1)
  A rat (D:1)
26 creatures vanquished.

Notes
Turn   | Place    | Note
-------+----------+-------------------------------------------
     0 | D:1      | valkyrieboi the Formicid Fighter began the quest for the Orb.
     0 | D:1      | Reached XP level 1. HP: 18/18 MP: 1/1
   108 | D:1      | Reached XP level 2. HP: 24/24 MP: 2/2
   280 | D:1      | Reached XP level 3. HP: 28/29 MP: 3/3
   387 | D:2      | Noticed Robin
   391 | D:2      | Reached skill level 4 in Shields
   423 | D:1      | Slain by Robin

Skill      XL: |  1  2  3 |
---------------+----------+-----
Shields        | 4 |  4.0
Fighting       | |  3.6
Long Blades    | |  2.8
Armour         | |  3.6

Action                   || total
-------------------------++-------
Melee: Long sword        ||    86
Armor: Scale mail        ||    54
Dodge: Dodged            ||    26
Block: Shield            ||    56
       Rpst.: Long sword ||     4
